[Event "Early-Titled-Tuesday-Blitz-June-18-2024"]
[Site "Chess.com"]
[Date "2024.06.18"]
[Round "6"]
[White "Blitzking642"]
[Black "Kors67"]
[Result "1-0"]
[WhiteElo "2506"]
[BlackElo "2280"]
[TimeControl "180+1"]
[EndTime "9:09:50 PDT"]
[Termination "Blitzking642 won on time"]

1. d4 Nf6 2. c4 c5 3. d5 b5 4. cxb5 a6 5. b6 g6 6. Nc3 Bg7 7. e4 d6 8. Nf3 O-O 9. Nd2 Nbd7 10. a4 a5 11. Bb5 Nxb6 12. O-O e6 13. Nc4 exd5 14.
Nxb6 Qxb6 15. exd5 Bd7 16. Bf4 Rfe8 17. h3 Bxb5 18.
Nxb5 Rad8 19. Qd3 Ne4 20. Rae1 f5 21. b3 Rd7 22. Qc4 Be5 23. Bxe5 dxe5 24. f3 Nd6 25. Nxd6 Qxd6 26. Rd1 Rb7 27. Rfe1 Rb4 28. Qc3 Rd4 29. Rxd4 cxd4 30. Qc6 Qxc6 31. dxc6 Kf7 32. c7 Ke6 33. Rc1 Kd7 34. Rc5 e4 35. fxe4 fxe4 36. Rd5+ Kxc7 37. Rxd4 Kc6 38. Kf2 Rb8 39. Rxe4 Rxb3 40. Re7 Rb2+ 41. Kf3 Rb3+ 42. Kg4 Rb4+ 43. Kg5 Rxa4 44. Rxh7 Kb6 45. Rh8 Ra2 46. g4 Kb7 47. Rh7+ 1-0

[Event "Early-Titled-Tuesday-Blitz-June-18-2024"]
[Site "Chess.com"]
[Date "2024.06.18"]
[Round "6"]
[White "GoltsevDmitry2000"]
[Black "Zhigalko_Sergei"]
[Result "0-1"]
[WhiteElo "2716"]
[BlackElo "2993"]
[TimeControl "180+1"]
[EndTime "9:09:51 PDT"]
[Termination "Zhigalko_Sergei won on time"]

1. e4 c5 2. Nf3 d6 3. d4 cxd4 4.
Nxd4 Nf6 5. Nc3 a6 6. Be2 Nbd7 7. O-O g6 8. Be3 Bg7 9. f4 O-O 10. Bf3 Qc7 11. Qe2 e5 12. Nb3 exf4 13. Bxf4 Ne5 14. Rad1 Be6 15. Bxe5 dxe5 16. Nd5 Bxd5 17. exd5 e4 18. Bg4 Rad8 19. Bh3 b5 20. c3 Rfe8 21. Rd4 Rxd5 22. Rfd1 Rxd4 23. Nxd4 Nd5 24. g3 Qb6 25. Kh1 Nf6 26. Bg2 h5 27. Nc2 Ng4 28. Nd4 e3 29.
Rf1 Bxd4 30. cxd4 Qxd4 31. h3 Nf6 32. Rd1 Qe5 33. Rf1 Re6 34. Rd1 Qxg3 35. Rd3 Kg7 36.
b3 h4 37. a4 Qf4 38. axb5 axb5 39. Rd1 Nh5 40. Kg1 Ng3 41. Qxb5 e2 42. Re1 Qe3+ 43.
Kh2 Qf4 44. Kg1 Qd2 45. Kf2 Rf6+ 46. Bf3 Rxf3+ 47. Kxf3 Qxe1 48. Qe5+ Kh7 49. Kg4 Qf1 0-1

[Event "Early-Titled-Tuesday-Blitz-June-18-2024"]
[Site "Chess.com"]
[Date "2024.06.18"]
[Round "6"]
[White "Goryachkina"]
[Black "ATM622"]
[Result "1-0"]
[WhiteElo "2677"]
[BlackElo "2540"]
[TimeControl "180+1"]
[EndTime "9:09:51 PDT"]
[Termination "Goryachkina won on time"]

1. e4 c6 2. d4 d5 3. e5 c5 4. Nf3 Nc6 5. dxc5 e6 6. Bd3 Bxc5 7. O-O Nge7 8. Nbd2 Ng6 9. Nb3 Bb6 10.
Re1 O-O 11. Be3 Bd7 12. Bxb6 Qxb6 13. Qd2 Rac8 14. c3 f5 15. exf6 gxf6 16. Qh6 Nce7 17.
h4 e5 18. h5 e4 19. hxg6 Nxg6 20. Nh4 Nxh4 21. Qxh4 exd3 22. Qg3+ Kf7 23. Qxd3 Kg7 24. Re7+ Rf7 25. Rxf7+ Kxf7 26. Qxh7+ Ke8 27. Qh8+ Ke7 28. Re1+ Kd6 29. Qxf6+ Kc7 30. Qe5+ Qd6 31. Nd4 a6 32. Qxd6+ Kxd6 33. f3 b5 34. a3 Rc4 35. Kf2 a5 36. Nc2 Rc8 37. Rd1 Kc5 38. Rd4 a4 39. Nb4 Be6 40.
g4 Rf8 41. Kg3 Kd6 42. f4 Rg8 43. f5 Bxf5 44. Rxd5+ Ke6 45. Rxf5 Rd8 46. Rf2 Rd1 47. g5 Rg1+ 48. Kf4 Ke7 49. Kf5 Ke8 50. Kf6 Kf8 51.
Nc6 Re1 52. Ne5 Kg8 53. Nc6 1-0

[Event "Early-Titled-Tuesday-Blitz-June-18-2024"]
[Site "Chess.com"]
[Date "2024.06.18"]
[Round "6"]
[White "LaPiToB"]
[Black "LangesNasenhaar"]
[Result "1-0"]
[WhiteElo "2343"]
[BlackElo "2484"]
[TimeControl "180+1"]
[EndTime "9:09:51 PDT"]
[Termination "LaPiToB won by resignation"]

1. c4 b6 2. Nc3 Bb7 3. e4 e5 4.
d3 Nf6 5. Nge2 Bc5 6. h3 Nc6 7. g3 O-O 8. Bg2 h6 9. O-O Nd4 10. Rb1 a5 11. a3 Qe7 12. Kh2 c6 13. f4 exf4 14. gxf4 Rae8 15. e5 Nh7 16. Ne4 d5 17.
N4g3 Nxe2 18. Qxe2 dxc4 19. dxc4 a4 20. Nf5 Qe6 21.
Qg4 Qg6 22. b4 axb3 23. Rxb3 Bc8 24. Qxg6 fxg6 25. Ng3 Bd7 26. Be3 Bxe3 27. Rxe3 g5 28. f5 c5 29. e6 Ba4 30. Bd5 Kh8 31. Ne4 Nf6 32. Nd6 Rb8 33. e7 Rfe8 34. Nxe8 Bxe8 35.
Rfe1 Rc8 36. Re6 Rc7 37. Rxb6 Kh7 38. Rb8 Ra7 39. Rxe8 Nxe8 40. Bc6 Nf6 41. e8=Q Nxe8 42. Bxe8 Rxa3 43. Re7 Kg8 44. Bg6 Ra8 45. Rc7 Ra2+ 46. Kg3 Ra3+ 47. Kg4 Ra8 48. Rxc5 Rf8 49. Rc7 Kh8 50.
c5 Rd8 51. c6 Rd4+ 52. Kg3 Rd8 53. Re7 Rc8 54. Re8+ Rxe8 55. Bxe8 1-0

[Event "Early-Titled-Tuesday-Blitz-June-18-2024"]
[Site "Chess.com"]
[Date "2024.06.18"]
[Round "6"]
[White "pinelone"]
[Black "JJDAREK"]
[Result "1-0"]
[WhiteElo "2470"]
[BlackElo "2327"]
[TimeControl "180+1"]
[EndTime "9:09:52 PDT"]
[Termination "pinelone won on time"]

1. Nf3 g6 2. e4 Bg7 3. d4 d6 4. Bd3 a6 5. O-O Nc6 6. d5 Nb4 7. Be2 a5 8. c4 Nf6 9. Nc3 O-O 10. h3 e6 11. Bg5 h6 12. Be3 exd5 13. exd5 Re8 14. Qd2 Kh7 15. Nd4 Bd7 16. Rfe1 Re7 17. Bf1 Na6 18. Bf4 Nc5 19. Rxe7 Qxe7 20. Re1 Qd8 21.
b3 Qf8 22. Ndb5 Qd8 23. Be3 b6 24. Bd4 Na6 25. g4 Qf8 26. Re3 Re8 27. Rf3 Ne4 28.
Nxe4 Rxe4 29. Bxg7 Qxg7 30. Bd3 Re7 31. Nc3 Nc5 32.
Bc2 Qe5 33. Re3 Qf6 34. Kg2 Rxe3 35. Qxe3 Kg7 36. Ne2 Qb2 37. Qd4+ Qxd4 38. Nxd4 Kf6 39. f4 g5 40. Kf3 gxf4 41. Kxf4 Bc8 42. Bf5 Bxf5 43.
Nxf5 Kg6 44. Nd4 Nd3+ 45. Ke3 Nc5 46. Nb5 Na6 47. Kf4 Kf6 48. h4 Kg6 49. Nd4 Kf6 50.
h5 Nc5 51. Nf5 Nd3+ 52. Ke4 Nc1 53. Nxh6 Nxa2 54. Nf5 Nc1 55. Nd4 1-0

[Event "Early-Titled-Tuesday-Blitz-June-18-2024"]
[Site "Chess.com"]
[Date "2024.06.18"]
[Round "6"]
[White "Milop27"]
[Black "teresin05"]
[Result "1-0"]
[WhiteElo "2438"]
[BlackElo "2308"]
[TimeControl "180+1"]
[EndTime "9:09:53 PDT"]
[Termination "Milop27 won by resignation"]

1. e4 c5 2. Nf3 Nc6 3. Bb5 e6 4. Bxc6 bxc6 5. e5 f6 6. O-O fxe5 7. Nxe5 Nf6 8. d4 cxd4 9. Qxd4 Be7 10. Nc3 O-O 11.
Bg5 d5 12. Nxc6 Qe8 13. Nxe7+ Qxe7 14. Rfe1 h6 15. Nxd5 Qb7 16. Nxf6+ gxf6 17. Bxf6 Qf7 18.
Be5 Bb7 19. Bg3 Bd5 20. c4 Bb7 21. Qg4+ Kh7 22. Qxe6 Rac8 23. Qxf7+ Rxf7 24. b3 a5 25. Rad1 a4 26. Re3 axb3 27. axb3 Ra8 28. b4 Ra4 29. Rb3 Re7 30. c5 Bd5 31. Rb2 Rb7 32. b5 Ra5 33. h4 Bc4 34. c6 Rbxb5 35. Rxb5 Rxb5 36. Rd7+ Kg6 37. c7 Rc5 38. Kh2 Be6 39. Rd6 Kf7 40. Ra6 Rc2 41. Bf4 h5 42. f3 Kf6 43. Kg3 Rc4 44.
Bd6 Rc2 45. Ra5 Kg6 46. Rg5+ Kh6 47. Bf4 Rc4 48. Re5+ Kg6 49. Rxe6+ Kf7 50. Re4 Rc6 51. Ra4 Kg7 52. Ra8 Kh7 53. c8=Q Rg6+ 54. Kh2 Rg7 55. Qh8+ Kg6 56. Qh6+ Kf7 57. Ra7+ 1-0

[Event "Early-Titled-Tuesday-Blitz-June-18-2024"]
[Site "Chess.com"]
[Date "2024.06.18"]
[Round "6"]
[White "Rurep26"]
[Black "tusplingher"]
[Result "0-1"]
[WhiteElo "2723"]
[BlackElo "2584"]
[TimeControl "180+1"]
[EndTime "9:09:55 PDT"]
[Termination "tusplingher won by resignation"]

1. d4 Nf6 2. c4 c5 3. d5 b5 4.
cxb5 a6 5. b6 Qxb6 6. Nc3 d6 7.
Nf3 g6 8. g3 Bg7 9. Bg2 O-O 10.
O-O Nbd7 11. Nd2 Qc7 12. e4 a5 13. Re1 Ba6 14. Bf1 Bxf1 15. Nxf1 c4 16. Kg2 Ne5 17.
Ne3 Rab8 18. a4 Nd3 19. Re2 Rfc8 20. Nc2 Nxb2 21. Bxb2 Rxb2 22. Nb5 Qb6 23. Rb1 Rxb1 24. Qxb1 Nd7 25. Ne3 c3 26. f4 Qc5 27. Qc2 Nb6 28. Nd1 Qc4 29. Na7 Rc7 30. Nc6 Nxd5 31. Nxa5 Qa6 32. exd5 Qxa5 33. Qb3 Bf6 34. Ne3 Qc5 35.
Nc2 Qc4 36. Qb5 Rc5 37. Qxc4 Rxc4 38. Kf3 Rxa4 39. g4 h6 40. Rg2 g5 41. f5 Rf4+ 42. Ke3 Be5 43. Kd3 Kg7 44. Na3 Rd4+ 45. Ke3 Rxd5 46. Nc4 Rc5 47. Na3 d5 48. Nc2 Bf6 49. Kd3 Rc4 50. h3 Rf4 51. Rg3 Rf2 52. Nb4 Rd2+ 53.
Ke3 d4+ 54. Ke4 c2 55. Rg1 Rd1 0-1

[Event "Early-Titled-Tuesday-Blitz-June-18-2024"]
[Site "Chess.com"]
[Date "2024.06.18"]
[Round "6"]
[White "Rile-Man"]
[Black "luckyswitchback"]
[Result "0-1"]
[WhiteElo "2535"]
[BlackElo "2843"]
[TimeControl "180+1"]
[EndTime "9:09:56 PDT"]
[Termination "luckyswitchback won by resignation"]

1. d4 d5 2. Bf4 Nf6 3. e3 c5 4. Nf3 cxd4 5. exd4 Nc6 6. c3 Bg4 7. Nbd2 e6 8. Qa4 Bxf3 9. Nxf3 Bd6 10. Ba6 Bxf4 11.
Bxb7 O-O 12. Bxc6 Rb8 13. b4 Ne4 14. Qc2 Rc8 15. b5 Qa5 16. O-O Nxc3 17. a4 h6 18.
g3 Bd6 19. Rfc1 Ne4 20. Qd3 Rc7 21. Ne5 Bxe5 22. dxe5 Nd2 23. f4 Qb6+ 24. Kg2 Nc4 25. Rc3 Rfc8 26. Qf3 Na5 27. Qf2 d4 28. Rd3 Nxc6 29.
bxc6 Rxc6 30. Qxd4 Rc2+ 31. Kh3 Qb7 32. Rd2 Qf3 33. Rad1 h5 34. Qd3 Qg4+ 35. Kg2 R2c3 36. Qe2 Qg6 37. Rd8+ Rxd8 38. Rxd8+ Kh7 39. Rd2 h4 40.
Qf2 Qg4 41. Ra2 h3+ 42. Kf1 Rc1+ 43. Qe1 Rxe1+ 44. Kxe1 Qf3 45. Rf2 Qe4+ 46. Re2 Qxa4 47. Kf2 Qd4+ 48. Kf3 a5 49. Kg4 Qd1 50. Kf3 a4 51. Ke3 Qxe2+ 52. Kxe2 a3 53. f5 a2 54. Kf3 a1=Q 0-1

[Event "Early-Titled-Tuesday-Blitz-June-18-2024"]
[Site "Chess.com"]
[Date "2024.06.18"]
[Round "6"]
[White "BlackBoarder"]
[Black "ketster"]
[Result "0-1"]
[WhiteElo "2721"]
[BlackElo "2581"]
[TimeControl "180+1"]
[EndTime "9:09:56 PDT"]
[Termination "ketster won on time"]

1. d4 d5 2. Nc3 Nf6 3. Bf4 e6 4.
Nb5 Na6 5. e3 Be7 6. Nf3 O-O 7.
Ne5 c6 8. Nc3 Qa5 9. Bxa6 Qxa6 10. Qd3 Qxd3 11. cxd3 Nh5 12. Bg3 Nxg3 13. hxg3 f6 14.
Nf3 Bd6 15. e4 Bd7 16. e5 fxe5 17. dxe5 Bb4 18. a3 Ba5 19. b4 Bc7 20. d4 a5 21.
Ke2 Ra7 22. Rhc1 axb4 23. axb4 Rfa8 24. Rxa7 Rxa7 25. Nb5 Ra2+ 26. Ke3 Bb8 27. Nd6 Ra7 28. Nd2 b6 29. Rc3 Kf8 30. b5 cxb5 31. Rb3 Ra5 32.
Rb4 Ke7 33. Nb7 Ra4 34. Rb3 Ra7 35. Nd6 Bxd6 36. exd6+ Kxd6 37. Nf3 Ra2 38. Ne5 Be8 39. Rc3 b4 40. Rc8 Bb5 41. Rd8+ Kc7 42. Rg8 b3 43. Rxg7+ Kd6 44. Rb7 Ra6 45. Nd3 Bxd3 46. Kxd3 Kc6 47. Rxh7 Ra2 48. Rf7 Rc2 49. g4 Rc4 0-1

[Event "Early-Titled-Tuesday-Blitz-June-18-2024"]
[Site "Chess.com"]
[Date "2024.06.18"]
[Round "6"]
[White "Adrian-thorsen"]
[Black "gilbert_gm"]
[Result "0-1"]
[WhiteElo "2330"]
[BlackElo "2857"]
[TimeControl "180+1"]
[EndTime "9:09:56 PDT"]
[Termination "gilbert_gm won by resignation"]

1. e4 c5 2. Nf3 Nc6 3. Bb5 e5 4. O-O Bd6 5. c3 a6 6. Bd3 Nge7 7. Bc2 Bc7 8. d4 cxd4 9. cxd4 exd4 10. Nxd4 O-O 11.
Nc3 d5 12. exd5 Nxd5 13. Qd3 g6 14. Nxd5 Qxd5 15. Nxc6 Qxc6 16. Qe4 Qd6 17. g3 Bf5 18. Qc4 Bxc2 19. Qxc2 Bb6 20. Bf4 Qf6 21. Rac1 Rfe8 22.
Rfd1 Re6 23. Re1 Rae8 24. Rxe6 Qxe6 25. a3 Qe2 26. Qxe2 Rxe2 27. Bh6 f6 28. Be3 Bxe3 29. fxe3 Rxb2 30. Rc7 a5 31. Kf1 a4 32. h4 b5 33.
Ke1 h5 34. Rb7 Kf8 35. Kd1 Ke8 36. Kc1 Rb3 37. Kd2 Kd8 38. Ke2 Kc8 39. Rb6 Kc7 40.
Rxf6 Rxa3 41. Rxg6 b4 42. Kd2 Ra2+ 43. Kd3 a3 44.
Kc4 Rb2 45. Ra6 a2 46. e4 b3 47.
Kc3 Rb1 48. e5 a1=Q+ 49. Rxa1 Rxa1 50. Kxb3 Kd7 51. Kc4 Ke6 52. Kd4 Ra4+ 53. Ke3 Rg4 54. Kf3 Kxe5 55. Ke3 Kf5 56. Kf3 Ra4 0-1

[Event "Early-Titled-Tuesday-Blitz-June-18-2024"]
[Site "Chess.com"]
[Date "2024.06.18"]
[Round "6"]
[White "ural58"]
[Black "Kostukov_Alex"]
[Result "0-1"]
[WhiteElo "2413"]
[BlackElo "2320"]
[TimeControl "180+1"]
[EndTime "9:09:57 PDT"]
[Termination "Kostukov_Alex won on time"]

1. e4 c5 2. b3 g6 3. Bb2 Nf6 4. e5 Nd5 5. Nc3 Nxc3 6. Bxc3 Bg7 7. h4 d5 8. exd6 Bxc3 9. dxc3 Qxd6 10. Qxd6 exd6 11.
O-O-O Ke7 12. h5 g5 13. Nf3 h6 14. Bc4 Be6 15. Rhe1 Nc6 16. Nd2 Rad8 17. Bxe6 fxe6 18. Re3 Rhf8 19. f3 Rf6 20. Rde1 d5 21. c4 Kf7 22. cxd5 exd5 23. c3 Rd7 24. Nf1 d4 25. cxd4 Nxd4 26. Ng3 Nf5 27. Nxf5 Rxf5 28. Kc2 Rfd5 29. R1e2 b6 30.
a3 Rd4 31. Re4 Rd1 32. f4 g4 33. f5 R1d4 34. Rxd4 Rxd4 35. Re6 Rf4 36. Rxh6 Rxf5 37. Rh7+ Kf6 38. Rxa7 Rxh5 39. Rb7 Rh2 40. Rxb6+ Ke5 41.
Rg6 Rxg2+ 42. Kc3 Kd5 43. Rg5+ Kc6 44. a4 Rg1 45. Rg6+ Kd5 46. Rg5+ Kd6 47. Rg6+ Kd5 48. Rg5+ Kc6 49. Rg6+ Kb7 50. Rg5 g3 51. Kc4 Rc1+ 52. Kb5 Rc3 53. b4 cxb4 54. Kxb4 Rf3 55. a5 Ka7 56.
Rg7+ Ka6 0-1

[Event "Early-Titled-Tuesday-Blitz-June-18-2024"]
[Site "Chess.com"]
[Date "2024.06.18"]
[Round "6"]
[White "maximnovik"]
[Black "KogotBobra17"]
[Result "1-0"]
[WhiteElo "2554"]
[BlackElo "2657"]
[TimeControl "180+1"]
[EndTime "9:09:58 PDT"]
[Termination "maximnovik won by checkmate"]

1. e4 c5 2. Nf3 Nc6 3. Bb5 g5 4.
Bxc6 dxc6 5. Nxg5 Nf6 6. d3 Rg8 7. Rg1 c4 8. Nc3 Qa5 9. Bd2 cxd3 10. Nf3 Bg4 11. cxd3 Qh5 12. Kf1 O-O-O 13. Be3 e6 14. h3 Bxf3 15. Qxf3 Qxf3 16. gxf3 Rxg1+ 17. Kxg1 Rxd3 18. Kf1 b6 19. Ke2 Rd7 20. Rg1 Kb7 21. e5 Nd5 22. Ne4 Ne7 23. Nf6 Rd8 24. Nxh7 Ng6 25. f4 Bb4 26.
Ng5 Nh8 27. Rg4 c5 28. Rh4 Kc6 29. Rh7 Rf8 30. Ne4 Ng6 31. h4 Ne7 32. Ng5 Nf5 33.
h5 c4 34. Rxf7 Rg8 35. Rf6 Kd7 36. h6 Rh8 37. h7 c3 38. bxc3 Bxc3 39. Rxe6 Ng7 40.
Rg6 Ne8 41. Rg8 Bxe5 42. fxe5 Rxh7 43. Nxh7 Nc7 44. Rg7+ Kc6 45. Rxc7+ Kxc7 46. f4 Kd7 47.
f5 Ke7 48. f6+ Kf7 49. Ng5+ Kg6 50. f7 Kg7 51. e6 Kf8 52. Bd4 Ke7 53. Bg7 Kd6 54.
f8=Q+ Kc6 55. e7 Kb5 56. e8=Q+ Ka6 57. Qa3+ Kb7 58. Qd7+ Kb8 59. Be5+ Ka8 60. Qf3# 1-0

[Event "Early-Titled-Tuesday-Blitz-June-18-2024"]
[Site "Chess.com"]
[Date "2024.06.18"]
[Round "6"]
[White "HajiyevKanan"]
[Black "mangochessgo"]
[Result "0-1"]
[WhiteElo "2522"]
[BlackElo "2671"]
[TimeControl "180+1"]
[EndTime "9:09:58 PDT"]
[Termination "mangochessgo won by resignation"]

1. d4 d6 2. Nf3 Nd7 3. g3 Ngf6 4. Bg2 g6 5. b3 Bg7 6. Bb2 O-O 7. O-O a5 8. a3 a4 9. b4 Nb6 10. Nbd2 d5 11.
Rc1 c6 12. e3 h6 13. c4 dxc4 14. Ne5 Be6 15. Ndxc4 Nxc4 16. Nxc4 Bd5 17. Bf3 h5 18.
h4 Ne4 19. Kg2 Ra6 20. Qc2 Bxc4 21. Qxc4 Nd2 22. Qc2 Nxf1 23. Kxf1 Qd6 24. Kg2 e5 25.
Be2 Raa8 26. Rd1 exd4 27. Bxd4 Bxd4 28. Rxd4 Qe7 29. Bc4 Kg7 30. Qc3 Qf6 31. Qc2 Rad8 32. Rf4 Qa1 33. b5 Rd6 34. bxc6 Rxc6 35. Qxa4 Rf6 36.
Rxf6 Qxf6 37. Qb3 b6 38. Bd5 Rc8 39. a4 Rc3 40. Qb5 Rc2 41. Bf3 Rc5 42. Qb4 Rf5 43.
Qe4 Qb2 44. Qd4+ Qxd4 45. exd4 Ra5 46. Bc6 Kf6 47. Kf3 Ke6 48. Kf4 Kd6 49. d5 Ra7 50.
f3 Re7 51. g4 Re5 52. Kg3 f6 53. Kf4 g5+ 54. hxg5 fxg5+ 55. Kg3 h4+ 56. Kh3 Re3 57. Kg2 Re2+ 58. Kh3 Rf2 59. Bb7 Rxf3+ 60. Kh2 Rc3 61. Bc6 Rg3 62. Bb7 Rxg4 0-1

[Event "Early-Titled-Tuesday-Blitz-June-18-2024"]
[Site "Chess.com"]
[Date "2024.06.18"]
[Round "6"]
[White "chessbaerchen"]
[Black "Murad_Ibrahimli"]
[Result "0-1"]
[WhiteElo "2687"]
[BlackElo "2919"]
[TimeControl "180+1"]
[EndTime "9:09:59 PDT"]
[Termination "Murad_Ibrahimli won by resignation"]

1. e4 c6 2. d4 d5 3. Nc3 dxe4 4. Nxe4 Bf5 5. Ng3 Bg6 6. Nh3 e6 7. Nf4 Bd6 8. c3 Qc7 9. Qf3 Nf6 10. h4 Bc2 11. Bd3 Bxd3 12. Nxd3 Nbd7 13. O-O O-O 14.
h5 h6 15. Re1 Rfe8 16. Ne4 Nxe4 17. Qxe4 Qa5 18. Qf3 e5 19. Qf5 Rad8 20. Bf4 Qb5 21.
dxe5 Bb8 22. Rad1 Nf8 23. Bg3 Ne6 24. Re3 c5 25. Rb1 Qa4 26. a3 Qc2 27. Rc1 Qb3 28. Re2 c4 29. Nf4 Rd1+ 30. Re1 Rxe1+ 31. Rxe1 Ng5 32. Qb1 Rxe5 33. Rxe5 Bxe5 34. Qc1 Ne4 35. Bh2 Qb6 36. Nh3 Bxh2+ 37. Kxh2 Nxf2 38. Qd2 Nd3 39. b4 Qd6+ 40. g3 Qe5 41. Kg2 Qxh5 42. Nf4 Qf5 43. Qe3 Nxf4+ 44. gxf4 Qc2+ 45. Kg3 Qd3 46. Kf3 Qxe3+ 47. Kxe3 h5 48. Kd4 f5 49. a4 Kf7 50.
Ke3 Kf6 51. Kf3 g5 52. fxg5+ Kxg5 53. b5 h4 54. a5 b6 55. axb6 axb6 56. Ke3 h3 57.
Kf3 f4 58. Kf2 Kg4 0-1

[Event "Early-Titled-Tuesday-Blitz-June-18-2024"]
[Site "Chess.com"]
[Date "2024.06.18"]
[Round "6"]
[White "Niteshch"]
[Black "Zq1"]
[Result "1-0"]
[WhiteElo "2352"]
[BlackElo "2502"]
[TimeControl "180+1"]
[EndTime "9:09:59 PDT"]
[Termination "Niteshch won on time"]

1. e4 c5 2. Nf3 d6 3. d4 cxd4 4. Nxd4 Nf6 5. f3 e6 6. c4 Be7 7. Nc3 O-O 8. Be3 b6 9. Be2 Bb7 10. O-O a6 11. b3 Qc7 12. Kh1 Nbd7 13.
g4 Rac8 14. g5 Ne8 15. Rc1 g6 16. f4 Ng7 17. Bf3 Nc5 18. f5 f6 19. b4 Nd7 20. fxe6 Ne5 21. Nd5 Qd8 22. gxf6 Bxf6 23. Be2 Ne8 24. Bh6 Bg7 25. Rxf8+ Bxf8 26. Bxf8 Bxd5 27.
cxd5 Rxc1 28. Qxc1 Kxf8 29. Qh6+ Kg8 30. Bxa6 Qf6 31. Kg2 Ng7 32. Be2 Qe7 33. Nc6 Nxc6 34. dxc6 Qxe6 35. Qe3 Kf8 36. Qxb6 Qxe4+ 37. Bf3 Qc2+ 38.
Qf2 Qc1 39. Bd5+ Nf5 40. Be4 Ke7 41. Bxf5 gxf5 42. Qxf5 Qxc6+ 43. Kg3 Qc3+ 44. Kg2 Qxb4 45. Qxh7+ Ke6 46. Qg6+ Ke7 47. Qg7+ Ke6 48. Qg6+ Ke7 49.
Qd3 Qa5 50. Qe4+ Kf6 51. Qf3+ Ke7 52. Qe2+ Kf6 53. h4 d5 54. h5 d4 55. Qf3+ Ke5 56.
Qg4 1-0

[Event "Early-Titled-Tuesday-Blitz-June-18-2024"]
[Site "Chess.com"]
[Date "2024.06.18"]
[Round "6"]
[White "Rsnr"]
[Black "Rud_Makarian"]
[Result "1/2-1/2"]
[WhiteElo "2914"]
[BlackElo "3066"]
[TimeControl "180+1"]
[EndTime "9:10:01 PDT"]
[Termination "Game drawn by repetition"]

1. d4 Nf6 2. c4 e6 3. Nf3 d5 4. g3 Bb4+ 5. Bd2 Be7 6. Bg2 O-O 7. O-O Nbd7 8. Qc2 c6 9. Bf4 a5 10. h4 h6 11. Nbd2 Ng4 12. e4 g5 13. hxg5 hxg5 14. Bh3 gxf4 15. Bxg4 fxg3 16. fxg3 Kg7 17. e5 Nb6 18. Kg2 Rh8 19. Rh1 Bd7 20. Rxh8 Qxh8 21. Rh1 Qg8 22. c5 Nc4 23. Nxc4 dxc4 24. Nd2 Kf8 25. Qe4 Ke8 26. Nxc4 Kd8 27. Rh7 Kc7 28. Nd6 Rf8 29. Bh5 Bxd6 30. cxd6+ Kb8 31. Rh6 Qg5 32. Qf4 Qg8 33. Rf6 c5 34. Rxf7 Rxf7 35. Qxf7 Bc6+ 36. Kh3 Qg5 37. dxc5 Qxe5 38. Bf3 Bxf3 39. Qxf3 Qxc5 40. d7 Kc7 41. Qd3 Qh5+ 42. Kg2 Kd8 43. Qd6 Qe2+ 44. Kh3 Qh5+ 45. Kg2 Qe2+ 46. Kh3 Qh5+ 47. Kg2 1/2-1/2

[Event "Early-Titled-Tuesday-Blitz-June-18-2024"]
[Site "Chess.com"]
[Date "2024.06.18"]
[Round "6"]
[White "Giantgoogachess"]
[Black "RobertoJBM"]
[Result "1-0"]
[WhiteElo "2447"]
[BlackElo "2770"]
[TimeControl "180+1"]
[EndTime "9:10:01 PDT"]
[Termination "Giantgoogachess won by resignation"]

1. Nf3 d5 2. g3 c6 3. Bg2 Bg4 4. O-O Nd7 5. d3 e6 6. h3 Bh5 7. Nbd2 Bd6 8. Qe1 Ne7 9. e4 O-O 10. b3 e5 11. Bb2 d4 12. Nc4 Bc7 13. a4 c5 14. Nh4 f6 15. f4 Nc6 16. g4 Bf7 17. f5 a6 18. a5 g5 19.
fxg6 hxg6 20. g5 fxg5 21. Nf3 Be6 22. Qg3 g4 23. hxg4 Rf4 24. Nh2 Qe7 25. Bc1 Raf8 26. Bd2 g5 27. Bxf4 gxf4 28. Qh3 Nf6 29. Bf3 Nh7 30.
Qh6 Rf6 31. Qh5 Bf7 32. Qh4 Rg6 33. Qxe7 Nxe7 34. Kf2 Ng5 35. Rh1 Be6 36. Rag1 Nh3+ 37. Kf1 Nxg1 38. Rxg1 Rh6 39. Kg2 Nc6 40. g5 Rh4 41.
Nf1 Nxa5 42. Ncd2 Nc6 43. Kf2 Kg7 44. Be2 Ne7 45. Nf3 Rh8 46. g6 Nxg6 47. Ng5 Bg8 48. Bg4 Kf6 49. Bf5 Ne7 50. Bd7 Rh6 51. Nf3 Rg6 52.
Rh1 Be6 53. Be8 Bf7 54. Bxf7 Kxf7 55. N1h2 Rh6 56. Rg1 Ke8 57. Ng4 Rh5 58. Nf6+ 1-0

[Event "Early-Titled-Tuesday-Blitz-June-18-2024"]
[Site "Chess.com"]
[Date "2024.06.18"]
[Round "6"]
[White "fourqueens13"]
[Black "MANOJ_MISHRA123"]
[Result "1/2-1/2"]
[WhiteElo "2390"]
[BlackElo "2199"]
[TimeControl "180+1"]
[EndTime "9:10:01 PDT"]
[Termination "Game drawn by stalemate"]

1. c4 Nf6 2. g3 g6 3. Bg2 Bg7 4. Nc3 O-O 5. e4 d6 6. Nge2 c5 7. O-O e5 8. d3 Nc6 9. a3 Nd4 10. b4 b6 11. Rb1 a5 12. Bg5 h6 13. Bxf6 Bxf6 14. bxc5 bxc5 15. Nxd4 cxd4 16. Nd5 Be6 17. f4 Bxd5 18. exd5 Rb8 19. fxe5 Bxe5 20. Qd2 Kg7 21. Rb5 a4 22. Rfb1 Qc7 23. Qb4 Ra8 24. Rb7 Qd8 25. c5 Qg5 26. cxd6 Qe3+ 27. Kh1 Rac8 28. Qe1 Bxd6 29. Qxe3 dxe3 30. Ra7 Rfe8 31. Be4 Bxa3 32.
Rxa4 f5 33. Rxa3 fxe4 34. dxe4 Rxe4 35. Re1 e2 36. Ra2 Rd8 37. Rd2 Kf6 38. Kg2 Ke5 39. Kf3 Rf8+ 40. Kg2 Rd8 41. d6 Rxd6 42. Rxd6 Kxd6 43.
Kf3 Ke5 44. Rxe2 Rxe2 45. Kxe2 Ke4 46. Kf2 h5 47. h3 g5 48. h4 gxh4 49. gxh4 Kf4 50.
Kg2 Kg4 51. Kh1 Kxh4 52. Kg1 Kg4 53. Kh1 h4 54. Kg1 h3 55. Kh1 Kh4 56. Kh2 Kg4 57. Kh1 Kg3 58. Kg1 h2+ 59. Kh1 Kh3 1/2-1/2

[Event "Early-Titled-Tuesday-Blitz-June-18-2024"]
[Site "Chess.com"]
[Date "2024.06.18"]
[Round "6"]
[White "ilovejokes555"]
[Black "dealshark"]
[Result "0-1"]
[WhiteElo "2209"]
[BlackElo "2454"]
[TimeControl "180+1"]
[EndTime "9:10:04 PDT"]
[Termination "dealshark won by resignation"]

1. e4 c5 2. Nf3 d6 3. d4 cxd4 4. Nxd4 Nf6 5. Nc3 a6 6. Be3 e5 7. Nb3 Be7 8. f3 O-O 9. Be2 Be6 10. Qd2 Nbd7 11. a4 Rc8 12. O-O Nc5 13. Nxc5 dxc5 14.
Qxd8 Rfxd8 15. Rfd1 b6 16. Bxa6 Ra8 17. Bb5 Nh5 18. g3 g6 19. Nd5 Bxd5 20. Rxd5 Rxd5 21. exd5 f5 22. Rd1 Bd6 23. Kf1 Kf7 24. Ke2 Nf6 25.
Bg5 Ra7 26. Be3 Re7 27. Bf2 e4 28. f4 Ng4 29. Bg1 Ra7 30. c3 Ke7 31. h3 Nf6 32. b4 Nh5 33. bxc5 bxc5 34. Bf2 Nf6 35. Ra1 Ra5 36. Be3 Nh5 37. Kf2 h6 38. Rb1 Ra7 39. Bc6 Kf6 40. Rb7 Ra5 41. Rd7 Bb8 42. c4 g5 43. d6 gxf4 44. Bxf4 Nxf4 45. gxf4 Ke6 46.
Rh7 Bxd6 47. Rxh6+ Ke7 48. Rh7+ Kf6 49. Rd7 Bxf4 50.
Bb5 Ra8 51. Rd5 Be5 52. Ke2 Bd4 53. Rd6+ Ke5 54. Rd7 f4 55. Re7+ Kf5 56. Bd7+ Kg5 57. Rxe4 Rb8 58. Bb5 Rh8 59. Bd7 Rb8 60. Re8 Rb2+ 61.
Kf3 Rf2+ 62. Ke4 Re2+ 63. Kd5 Rxe8 64. Bxe8 f3 65. a5 f2 66. a6 f1=Q 67. a7 Qg2+ 68. Kd6 Qa8 69. Bc6 Qxa7 0-1

[Event "Early-Titled-Tuesday-Blitz-June-18-2024"]
[Site "Chess.com"]
[Date "2024.06.18"]
[Round "6"]
[White "sansanathalia"]
[Black "yaguigor"]
[Result "1/2-1/2"]
[WhiteElo "2464"]
[BlackElo "2639"]
[TimeControl "180+1"]
[EndTime "9:10:05 PDT"]
[Termination "Game drawn by repetition"]

1. e4 c5 2. Nf3 Nc6 3. c3 Nf6 4. e5 Nd5 5. Bc4 e6 6. O-O d6 7.
exd6 Bxd6 8. d4 cxd4 9. Nxd4 O-O 10. Re1 Bd7 11. Bf1 Nxd4 12. Qxd4 Bc6 13. Nd2 Qc7 14.
Nf3 b6 15. Qh4 Be7 16. Qg3 Qxg3 17. hxg3 Rfd8 18. Bg5 Bxg5 19. Nxg5 Nf6 20. Rad1 a5 21.
Nf3 Bxf3 22. gxf3 Kf8 23. Bg2 Ke7 24. f4 Rac8 25. Bf3 h5 26. Kg2 g6 27. Kf1 Ne8 28. Kg2 Nd6 29. Be2 Ne4 30. Bd3 Nc5 31. Bc2 Rb8 32. Kf3 b5 33. Ke2 b4 34. Rxd8 Kxd8 35.
Rd1+ Ke7 36. cxb4 axb4 37. b3 Ra8 38. Ra1 Kd6 39. Kd2 e5 40. fxe5+ Kxe5 41. Ke3 Ne6 42. f4+ Kd6 43. Rd1+ Kc7 44. Ra1 f5 45. Bd3 Nc5 46. Bc4 Rf8 47. Rc1 Kd6 48. Rd1+ Kc6 49. Bd5+ Kb6 50. Bf3 Re8+ 51. Kf2 Re6 52. Rd4 Ka5 53. Rd5 Kb6 54. Rd4 Kb5 55. Be2+ Ka5 56.
Bf3 Kb5 57. Be2+ Ka5 58. Bf3 Kb5 1/2-1/2